Map: Nightshade LE

Players

Methyle - Winner!

  • Race: Terran Terran
  • League: Platinum
  • Spawn Location: 11:00

A.I. 1 (Very Easy)

  • Race: Terran Terran
  • Spawn Location: 5:00

VOD

Have the link to the VOD?

Description

Time

  • Played on: April 16, 2020, 6:10 a.m.
  • Length: 11:37
Show
View Real Time Build Order
Export as new Build Order

Methyle Terran - Winner!

Build Orders: 2 Factory, Mech 

Get SALT Encoding   

  12  0:01  SCV  
  13  0:13  SCV  
  14  0:17  Supply Depot  
  14  0:25  SCV  
  15  0:29  Refinery  
  15  0:39  SCV  
  16  0:45  Barracks  
  16  0:51  SCV  
  17  1:03  SCV  
  18  1:15  SCV  
  20  1:33  Reaper  
  20  1:34  Orbital Command  
  20  1:44  Command Center  
  20  1:51  Supply Depot  
  20  2:00  Factory  
  20  2:05  SCV  
  21  2:11  Refinery  
  21  2:18  SCV  
  23  2:29  Barracks Tech Lab  
  22  2:30  SCV  
  23  2:42  SCV  
  24  2:46  Factory  
  24  2:54  SCV  
  24  2:55  Barracks Tech Lab  
  24  2:56  Orbital Command  
  25  3:20  SCV  
  25  3:21  SCV  
  27  3:27  Siege Tank  
  27  3:28  Supply Depot  
  27  3:32  SCV  
  31  3:43  Engineering Bay  
  31  3:45  Armory  
  31  3:51  Barracks Reactor  
  31  3:59  Refinery  
  31  4:01  Refinery, SCV x2  
  33  4:09  Supply Depot  
  33  4:14  Command Center  
  33  4:19  Supply Depot  
  33  4:20  SCV x2  
  33  4:24  Siege Tank  
  39  4:32  SCV x2  
  39  4:36  Factory  
  39  4:38  Terran Vehicle And Ship Armor Level 1  
  40  4:44  SCV  
  40  4:45  Supply Depot  
  41  4:46  SCV  
  41  4:51  Barracks Reactor  
  42  5:00  Armory  
  42  5:02  SCV x2  
  42  5:07  Supply Depot  
  44  5:08  Supply Depot  
  45  5:14  SCV x2  
  45  5:17  Siege Tank  
  49  5:23  Hellion  
  49  5:26  SCV x2  
  53  5:31  Orbital Command  
  53  5:38  SCV x2  
  53  5:40  Supply Depot  
  55  5:49  Hellion x2  
  59  5:50  SCV  
  59  5:51  SCV  
  61  5:58  Orbital Command  
  61  6:00  Missile Turret  
  61  6:02  Missile Turret  
  61  6:03  Missile Turret  
  61  6:09  Missile Turret  
  61  6:10  SCV x2  
  63  6:15  Thor  
  69  6:19  Hellion  
  69  6:22  SCV  
  69  6:24  Marine x2  
  74  6:27  Hellion  
  74  6:31  Cyclone  
  79  6:33  SCV  
  79  6:34  SCV  
  79  6:38  SCV  
  81  6:48  SCV x2  
  81  6:49  Terran Vehicle And Ship Armor Level 2, Terran Vehicle Weapons Level 1  
  81  6:51  SCV  
  81  6:53  Supply Depot  
  84  6:57  Refinery  
  84  7:00  Siege Tank, SCV x2  
  89  7:03  SCV  
  89  7:07  Hellion x2  
  94  7:12  SCV x2  
  96  7:17  Factory x2  
  96  7:24  SCV x2  
  96  7:29  SCV  
  99  7:36  SCV x2  
  101  7:38  Refinery  
  101  7:41  SCV  
  102  7:46  Thor x2  
  102  7:48  SCV x2  
  116  7:53  SCV  
  116  7:54  Starport  
  116  7:57  Missile Turret  
  117  8:02  Factory Tech Lab x2  
  117  8:13  Supply Depot, Hellion x2  
  117  8:14  Supply Depot, Marine x2  
  117  8:17  SCV x2  
  125  8:22  Supply Depot  
  125  8:30  Barracks  
  125  8:31  Factory  
  125  8:32  Barracks  
  125  8:33  Factory  
  125  8:34  Hellion, SCV x3  
  125  8:35  Missile Turret x2  
  125  8:37  Missile Turret  
  125  8:39  Missile Turret  
  125  8:40  Missile Turret  
  130  8:46  SCV x3  
  130  8:47  Siege Tank  
  130  8:48  Siege Tank x2  
  142  8:50  Starport Tech Lab  
  142  8:55  Terran Vehicle Weapons Level 2  
  142  8:56  Cyclone  
  142  8:58  SCV x3  
  148  9:07  Marine  
  149  9:14  Marine  
  149  9:15  Supply Depot, SCV  
  151  9:18  Supply Depot  
  151  9:19  Supply Depot  
  151  9:20  Cyclone, Siege Tank  
  157  9:29  Siege Tank, SCV x3  
  163  9:37  Siege Tank  
  166  9:40  Supply Depot  
  166  9:41  SCV x3  
  169  9:50  Barracks Tech Lab  
  169  9:51  Barracks Tech Lab, Factory Tech Lab x2  
  169  9:52  Siege Tank x2  
  175  9:53  SCV x3  
  175  9:54  Hellion  
  180  10:01  Cyclone, Marine x2  
  180  10:03  Hellion  
  187  10:09  Cyclone  
  188  10:15  Hellion  
  188  10:17  Command Center  
  188  10:19  Marine x2  
  190  10:23  Thor  
  196  10:29  Refinery  
  196  10:30  Refinery  
  196  10:31  Marine, Missile Turret x2, SCV x3  
  200  11:02  Command Center  
  200  11:03  Command Center  
Show
View Real Time Build Order
Export as new Build Order

A.I. 1 (Very Easy) Terran 

Build Orders:  

Get SALT Encoding   

  12  0:00  SCV  
  13  0:13  SCV  
  14  0:17  Supply Depot  
  14  0:37  Refinery  
  14  0:42  Barracks  
  14  1:03  Supply Depot  
  14  1:11  Refinery  
  14  1:29  Barracks Tech Lab  
  14  1:32  Orbital Command  
  14  1:47  Marine  
  15  1:58  SCV  
  16  2:10  SCV  
  17  2:22  SCV  
  18  2:33  Marine  
  18  2:34  SCV  
  20  2:46  SCV  
  22  2:58  SCV  
  22  3:19  Marauder  
  24  6:40  SCV  
  24  6:41  Marine  
  24  6:42  Supply Depot  
  24  6:45  Factory  
  26  6:47  Command Center  
  26  6:52  SCV  
  27  7:04  SCV  
  27  7:06  Supply Depot  
  28  7:12  Marine  
  25  7:33  Starport  
  25  7:42  Marine  
  26  8:01  SCV  
  27  8:07  Refinery  
  27  8:08  SCV  
  27  8:10  Refinery, Starport Tech Lab  
  28  8:13  Marine  
  28  8:15  SCV  
  30  8:22  SCV  
  31  8:29  Raven  
  31  8:30  SCV  
  34  8:37  SCV  
  35  8:44  Marine, SCV  
  37  8:52  SCV  
  38  8:59  SCV  
  39  9:06  SCV  
  40  9:12  Raven  
  40  9:13  SCV  
  40  9:15  Marauder  
  45  9:21  SCV  
  46  9:28  SCV  
  47  9:35  SCV  
  48  9:42  SCV  
  49  9:49  SCV  
  50  9:56  SCV  
  51  10:12  Marine  
  50  10:21  Raven  
  45  10:26  SCV  
  42  10:33  SCV  
  40  10:41  Hellion, SCV  
  34  10:53  SCV  
  27  11:03  Supply Depot  
Tags
 
Composition
Mech
League
Platinum
Matchup
TvT
Opening
2 Factory
Race
Terran
Spawn Locations
Cross Positions
Add a new tag
Caveats
  • Supply blocks, unpowered buildings, or Contaminate may cause inaccurate times.
  • Supply counts are checked every 10 seconds.